 Dungeon Crawl Stone Soup version 0.30-b1-2-g02819fbbbe (webtiles) character file.

Game seed: 13777867848590235887

3 Maffolandro the Charlatan (level 1, 0/15 HPs)
             Began as a Human Wanderer on Dec 23, 2023.
             Slain by a gnoll
             ... wielding a +0 whip
              (4 damage)
             ... on level 1 of the Dungeon.
             The game lasted 00:01:26 (167 turns).

Maffolandro the Charlatan (Human Wanderer)           Turns: 167, Time: 00:01:27

Health: 0/15       AC: 10    Str:  9    XL:     1   Next: 55%
Magic:  2/2        EV:  0    Int: 11    God:
Gold:   5          SH:  0    Dex: 16    Spells: 1/2 levels left

rFire   . . .        f - +0 long sword
rCold   . . .        (no shield)
rNeg    . . .        g - +0 plate armour
rPois   .            (no helmet)
rElec   .            (no cloak)
rCorr   .            (no gloves)
SInv    .            (no boots)
Will    .....        (no amulet) Stlth
                     (no ring)
HPRegen 0.22/turn    (no ring)
MPRegen 0.08/turn

%: no passive effects
@: no status effects
A: no striking features
a: no special abilities


You were on level 1 of the Dungeon.
You visited 1 branch of the dungeon, and saw 1 of its levels.

You collected 5 gold pieces.

Inventory:

Hand Weapons
 a - a +0 dagger
 f - a +0 long sword (weapon)
Armour
 d - a +0 robe
 g - a +0 plate armour (worn)
Wands
 e - a wand of light (2)
Scrolls
 b - a scroll of vulnerability
Potions
 c - a potion of attraction
 h - a potion of curing {unknown}


   Skills:
 * Level 1.0 Fighting
 - Level 1.0 Spellcasting
 - Level 4.0 Translocations
 - Level 1.0 Invocations
 - Level 4.0 Evocations


You had one spell level left.
You knew the following spells:

 Your Spells              Type           Power      Damage    Failure   Level
a - Apportation           Tloc           18%        N/A       100%        1

Your spell library contained the following spells:

 Spells                   Type           Power      Damage    Failure   Level
 Vhi's Electric Charge    Tloc/Air       8%         N/A       100%        3


Dungeon Overview and Level Annotations

Branches:
Dungeon (1/15)

Altars:


Message History

You start removing your armour.
You continue taking off your +0 robe. x4
You finish taking off your +0 robe.
You start putting on your armour.
You continue putting on your +0 plate armour. x5
You finish putting on your +0 plate armour.
Unknown command.
You now have 5 gold pieces.
h - a fuming ruby potion You open the door.
Found a stone staircase leading down.
There is an open door here. 2 hobgoblins come into view.
The hobgoblin shouts! x2; You hear a shout!
There is an open door here.
A gnoll comes into view. It is wielding a +0 whip.
You hit the hobgoblin.
You kill the hobgoblin!
You hit the hobgoblin but do no damage.
The hobgoblin hits you but does no damage. x2
You hit the hobgoblin but do no damage.
The hobgoblin hits you but does no damage.
You hit the hobgoblin.
The hobgoblin is moderately wounded.
The hobgoblin hits you but does no damage. x2
You closely miss the hobgoblin.
The hobgoblin is moderately wounded.
The hobgoblin hits you but does no damage.
You hit the hobgoblin.
You kill the hobgoblin!
Your Fighting skill increases to level 1!
You completely miss the gnoll.
The gnoll hits you but does no damage. x2
You hit the gnoll but do no damage. The gnoll hits you with a +0 whip.
You closely miss the gnoll. The gnoll hits you with a +0 whip. x2
You closely miss the gnoll. The gnoll hits you with a +0 whip.
* * * LOW HITPOINT WARNING * * *
You barely miss the gnoll. The gnoll hits you but does no damage.
You hit the gnoll.
The gnoll is lightly wounded.
The gnoll hits you but does no damage. The gnoll hits you with a +0 whip.
You die...

#### #########.# .....
#..........
.....############..........
.......#.....................
..........###................
............................. .
..........###.#..........#. ..
......#....g@............# ...
.........###............#
..#.#####.....###............#
........#..g.................#
.>......#....................####
......!.'........................
........#.................###♣♣♣#
........#...........[......#♣♣..♣
........#..................♣♣....


You could see a gnoll.

Vanquished Creatures
  2 hobgoblins (D:1)
  A rat (D:1)
3 creatures vanquished.

Notes
Turn   | Place    | Note
-------+----------+-------------------------------------------
     0 | D:1      | Maffolandro the Human Wanderer began the quest for the Orb.
     0 | D:1      | Maffolandro set off with the following items: a +0 dagger,
                  | a scroll of vulnerability, a potion of attraction, a +0
                  | robe, a wand of light (2); and the following spell
                  | memorised: Apportation; and the following spells available
                  | to memorise: Vhi's Electric Charge.
     0 | D:1      | Reached XP level 1. HP: 13/13 MP: 2/2
   162 | D:1      | Reached skill level 1 in Fighting
   167 | D:1      | Slain by a gnoll

Illustrated notes

Levels and vault maps discovered:
D:1:      amcnicky_arrival_underground_garden, layout_basic,
          hellmonk_ecumenical_altar_prayer_group

Skill      XL: |  1 |
---------------+----+-----
Fighting       | 1 |  1.0
Spellcasting   | |  1.0
Translocations | |  4.0
Invocations    | |  1.0
Evocations     | |  4.0

Action                     || total
---------------------------++-------
  Melee: Long sword        ||    12
         Dagger            ||     2
   Cast: Apportation       ||     4
 Armour: Plate armour      ||    10
  Dodge: Dodged            ||     1
